 Dungeon Crawl Stone Soup version 0.23.0-3-gf3c87f2 (webtiles) character file.

Game seed: 3078194177799297958

39 Madoushi the Firebug (level 3, 0/27 HPs)
             Began as a Draconian Fire Elementalist on Feb 23, 2019.
             Slain by a dart slug (2 damage)
             ... on level 2 of the Dungeon.
             The game lasted 00:04:39 (1991 turns).

Madoushi the Firebug (Draconian Fire Elementalist)  Turns: 1991, Time: 00:04:40

Health: 0/27       AC:  6    Str: 10    XL:     3   Next: 28%
Magic:  2/6        EV: 12    Int: 16    God:
Gold:   24         SH:  0    Dex: 11    Spells: 5/6 levels left

rFire    . . .     SeeInvis .   a - -3 dagger (curse)
rCold    . . .     Gourm    .   (no shield)
rNeg     . . .     Faith    .   (armour unavailable)
rPois    .         Spirit   .   (helmet restricted)
rElec    .         Reflect  .   c - +0 cloak
rCorr    .         Harm     .   (no gloves)
MR       .....                  (no boots)
Stlth    ++........             h - amulet of inaccuracy (curse)
HPRegen  0.09/turn              (no ring)
MPRegen  0.10/turn              (no ring)

@: no status effects
A: unfitting armour, cold-blooded, AC +5
a: no special abilities


You were on level 2 of the Dungeon.
You were very hungry.

You visited 1 branch of the dungeon, and saw 2 of its levels.

You collected 24 gold pieces.

Inventory:

Hand Weapons
 a - a cursed -3 dagger (weapon)
Armour
 c - a +0 cloak (worn)
Jewellery
 h - a cursed amulet of inaccuracy (around neck)
Scrolls
 e - a scroll of identify
Potions
 d - a potion of ambrosia
 f - a potion of brilliance {unknown}
 g - a potion of flight {unknown}
Comestibles
 b - a ration


   Skills:
 + Level 0.3 Fighting
 + Level 0.6 Short Blades
 + Level 2.1 Dodging
 + Level 2.1 Stealth
 + Level 2.1 Spellcasting
 + Level 1.1 Conjurations
 + Level 3.5 Fire Magic


You had 5 spell levels left.
You knew the following spells:

 Your Spells              Type           Power        Failure   Level  Hunger
a - Flame Tongue          Conj/Fire      #....        8%          1    #......

Your spell library contained the following spells:

 Spells                   Type           Power        Failure   Level  Hunger
 Throw Flame              Conj/Fire      #.....       12%         2    ###....
 Conjure Flame            Conj/Fire      #.......     24%         3    ###....
 Inner Flame              Hex/Fire       #.......     30%         3    ###....
 Sticky Flame             Conj/Fire      #.......     61%         4    #####..
 Fireball                 Conj/Fire      #.........   91%         5    ######.


Dungeon Overview and Level Annotations

Branches:
Dungeon (2/15)

Altars:


Innate Abilities, Weirdness & Mutations

Your plain brown scales are hard. (AC +5)
You cannot fit into any form of body armour.
You are cold-blooded and may be slowed by cold attacks.


Message History

The hobgoblin is almost dead.
You barely miss the hobgoblin.
Your tail-slap misses the hobgoblin.
The hobgoblin is almost dead.
The hobgoblin hits you but does no damage.
You hit the hobgoblin but do no damage.
The hobgoblin is almost dead.
The hobgoblin hits you but does no damage.
You hit the hobgoblin but do no damage.
Your tail-slap misses the hobgoblin.
The hobgoblin is almost dead.
The hobgoblin closely misses you.
You barely miss the hobgoblin. You tail-slap the hobgoblin.
You kill the hobgoblin!
You hit the dart slug but do no damage. The dart slug closely misses you.
You hit the dart slug but do no damage. You completely miss the dart slug.
Your tail-slap misses the dart slug.
The dart slug closely misses you.
You hit the dart slug but do no damage. You tail-slap the dart slug.
The dart slug is moderately wounded.
The dart slug bites you.
You die...

.........#....##..
...............#.#####
...............#...... .
..................# .
##.##.....#......## .
#...#.##.##....### #
##..##....####....####.
.#...##w#######.........
.......@.............#..
...#......#######.##.###.
..##....[.# #.รท......
#..###### #........ ...#
#........ ### #........
#........ #........
#........


You could see a dart slug.

Vanquished Creatures
  3 dart slugs (D:1)
  A leopard gecko (D:2)
  2 ball pythons
  2 giant cockroaches (D:1)
  4 goblins (D:1)
  3 hobgoblins
  3 jackals
  3 kobolds (D:1)
  3 bats
  4 frilled lizards
  3 rats (D:1)
31 creatures vanquished.

Notes
Turn   | Place    | Note
-------+----------+-------------------------------------------
     0 | D:1      | Madoushi the Draconian Fire Elementalist began the quest
                  | for the Orb.
     0 | D:1      | Reached XP level 1. HP: 14/14 MP: 3/3
   219 | D:1      | Reached XP level 2. HP: 13/20 MP: 5/5
  1438 | D:1      | Reached XP level 3. HP: 21/27 MP: 6/6
  1967 | D:2      | HP: 1/27 [hobgoblin/cursed +0 club (1)]
  1982 | D:2      | HP: 1/27 [hobgoblin/cursed +0 club (1)]
  1991 | D:2      | Slain by a dart slug

Skill      XL: |  1  2 |
---------------+-------+-----
Stealth        | 2 |  2.1
Dodging        | 2 |  2.1
Fighting       | |  0.3
Short Blades   | |  0.6
Spellcasting   | |  2.1
Conjurations   | |  1.1
Fire Magic     | |  3.5

Action                   || total
-------------------------++-------
Melee: Dagger            ||   259
       Tailslap          ||    27
 Cast: Flame Tongue      ||    20
  Use: Scroll            ||     1
 Stab: Sleeping          ||     1
  Eat: Chunk             ||     3
Armor: Skin              ||   140
Dodge: Dodged            ||   268
